 Dungeon Crawl Stone Soup version 0.22.0-49-gab54619674 (webtiles) character file.

499 JedernureinKreuz the Conjurer (level 7, -1/50 HPs)
             Began as a Gnoll Conjurer on Sept 8, 2018.
             Slain by Pikel
             ... wielding a +0 whip of flaming
              (3 damage)
             ... on level 4 of the Dungeon.
             The game lasted 00:23:46 (3548 turns).

JedernureinKreuz the Conjurer (Gnoll Conjurer)      Turns: 3548, Time: 00:23:50

Health: -1/50      AC:  3    Str: 11    XL:     7   Next: 16%
Magic:  1/15       EV: 15    Int: 19    God:
Gold:   219        SH:  5    Dex: 19    Spells: 9/17 levels left

rFire    . . .     SeeInvis .   a - +2 flail (protect)
rCold    . . .     Gourm    .   e - +0 buckler
rNeg     . . .     Faith    .   I - +0 leather armour
rPois    .         Spirit   .   (no helmet)
rElec    .         Reflect  .   (no cloak)
rCorr    .         Harm     .   (no gloves)
MR       .....                  (no boots)
Stlth    +++.......             (no amulet)
HPRegen  0.16/turn              G - +4 ring of dexterity
MPRegen  0.14/turn              (no ring)

@: very slightly contaminated
A: distributed training, fangs 1, strong nose
a: no special abilities


You were on level 4 of the Dungeon.
You were not hungry.

You visited 1 branch of the dungeon, and saw 5 of its levels.

You collected 219 gold pieces.

Inventory:

Hand Weapons
 a - a +2 flail of protection (weapon)
 b - a +0 dagger
 B - a +0 mace
 C - a +0 hunting sling
 H - a +2 whip of venom
Missiles
 g - 161 stones
 l - 39 bolts
 n - 5 tomahawks (quivered)
 p - 55 sling bullets
Armour
 e - a +0 buckler (worn)
 f - a +0 ring mail
 j - a +0 robe
 I - a +0 leather armour (worn)
Jewellery
 G - a +4 ring of dexterity (left hand)
Wands
 D - a wand of disintegration (8)
Scrolls
 d - 3 scrolls of identify
 i - a scroll of random uselessness {unknown}
 k - a scroll of fog {unknown}
 o - 3 scrolls of immolation {unknown}
 r - 2 scrolls of teleportation {unknown}
 s - a scroll of amnesia {unknown}
 u - a scroll of enchant weapon {unknown}
 v - 2 scrolls of noise {unknown}
 w - 5 scrolls of remove curse {unknown}
 x - a scroll of blinking {unknown}
Potions
 h - a potion of resistance {unknown}
 m - 2 potions of haste
 q - a potion of brilliance {unknown}
 t - 2 potions of curing
 z - 2 potions of flight {unknown}
 E - a potion of mutation {unknown}
Comestibles
 c - 11 rations


   Skills:
 + Level 2.2 Fighting
 + Level 2.2 Short Blades
 + Level 2.2 Long Blades
 + Level 2.2 Axes
 + Level 2.2 Maces & Flails
 + Level 2.2 Polearms
 + Level 2.2 Staves
 + Level 2.2 Slings
 + Level 2.2 Bows
 + Level 2.2 Crossbows
 + Level 2.2 Throwing
 + Level 2.2 Armour
 + Level 5.1 Dodging
 + Level 4.8 Stealth
 + Level 2.2 Shields
 + Level 2.2 Unarmed Combat
 + Level 5.5 Spellcasting
 + Level 7.3 Conjurations
 + Level 1.8 Hexes
 + Level 1.8 Charms
 + Level 1.8 Summonings
 + Level 1.8 Necromancy
 + Level 1.8 Translocations
 + Level 1.8 Transmutations
 + Level 1.8 Fire Magic
 + Level 1.8 Ice Magic
 + Level 1.8 Air Magic
 + Level 1.8 Earth Magic
 + Level 1.8 Poison Magic
 + Level 2.5 Invocations
 + Level 2.2 Evocations


You had 9 spell levels left.
You knew the following spells:

 Your Spells              Type           Power        Failure   Level  Hunger
a - Magic Dart            Conj           ####         1%          1    None
b - Dazzling Spray        Conj/Hex       ###...       9%          3    ##.....
c - Iskenderun's Mystic   Conj           ####....     9%          4    ####...

Your spell library contained the following spells:

 Spells                   Type           Power        Failure   Level  Hunger
 Searing Ray              Conj           ####..       1%          2    None
 Force Lance              Conj/Tloc      ###.....     28%         4    ####...
 Fulminant Prism          Conj/Hex       ###.......   28%         4    ####...


Dungeon Overview and Level Annotations

Branches:
Dungeon (5/15)
 Temple: D:4-7

Altars:
Okawaru
Wu Jian
Xom
Yredelemnul

Annotations:
D:4 Pikel


Innate Abilities, Weirdness & Mutations

Your experience applies equally to all skills.
You have very sharp teeth.
Your uncanny sense of smell can sniff out nearby items.


Message History

Aiming: Magic Dart (safe; 1% risk of failure)
Press: ? - help, Shift-Dir - straight line, f/p - Pikel
Aim: Pikel, wielding a whip of flaming and wearing a robe (severely wounded)
The magic dart hits Pikel.
Pikel is almost dead.
Pikel closely misses you.
Your +2 flail of protection hums with potential!
a - a +2 flail of protection (weapon)
Pikel hits you but does no damage.
You closely miss Pikel.
Pikel is almost dead.
You block Pikel's attack.
You miss Pikel.
Pikel is severely wounded.
Pikel hits you with a whip of flaming!
* * * LOW HITPOINT WARNING * * *
Pikel burns you.
* * * LOW HITPOINT WARNING * * *
Pikel hits you with a whip of flaming.
You die...

##....)...########.##.#...####.##
#........########.##.#...####.#
##........##.......##.#...#....#
..........##.########.#...#.#####
..........##.# #.#.........#
.....#+#####.########.#.#.#.##.##
####†#.# #..........#.#.#.##.#
####.#.################.#.#.##.#
...............K@.........[..#.#
####.#.##.#######.#####.#.#..#.#
#.#.##.# #.# #.#.#..#.# #.#.##.#
#.# #.#.#..#.# #.#.##.# #.#
#.#.#..#.# #.#.##.# #.#
#.#.#..#.# #.#.##.# #.#
#.#....#.# #.#.##.# #.#
#.##.)<#.# #.#....# #.#
#.##.#.#.#


You could see Pikel.

Vanquished Creatures
  A slave (D:5)
  An ogre (D:4)
  A hound (D:4)
  An orc priest (D:4)
  An orc wizard (D:3)
  Ijyb (D:4)
  A worker ant (D:4)
  Terence (D:2)
  10 adders
  3 gnolls (D:4)
  4 oozes
  3 worms
  2 dart slugs
  4 leopard geckos
  15 orcs
  6 bats
  7 giant cockroaches
  6 goblins
  10 hobgoblins
  5 quokkas
  A ball python (D:3)
  3 frilled lizards
  5 kobolds
  8 rats
100 creatures vanquished.

Notes
Turn   | Place    | Note
-------+----------+-------------------------------------------
     0 | D:1      | JedernureinKreuz the Gnoll Conjurer began the quest for the
                  | Orb.
     0 | D:1      | Reached XP level 1. HP: 13/13 MP: 6/6
    90 | D:1      | Reached XP level 2. HP: 19/19 MP: 3/7
   315 | D:1      | Found a shimmering altar of Xom.
   326 | D:1      | Reached XP level 3. HP: 25/25 MP: 9/9
   342 | D:1      | Reached skill level 5 in Spellcasting
   698 | D:2      | Reached skill level 1 in Invocations
   742 | D:2      | Reached skill level 1 in Fighting
   742 | D:2      | Reached skill level 1 in Short Blades
   742 | D:2      | Reached skill level 1 in Long Blades
   742 | D:2      | Reached skill level 1 in Axes
   742 | D:2      | Reached skill level 1 in Maces & Flails
   742 | D:2      | Reached skill level 1 in Polearms
   742 | D:2      | Reached skill level 1 in Staves
   742 | D:2      | Reached skill level 1 in Slings
   742 | D:2      | Reached skill level 1 in Bows
   742 | D:2      | Reached skill level 1 in Crossbows
   742 | D:2      | Reached skill level 1 in Throwing
   742 | D:2      | Reached skill level 1 in Armour
   742 | D:2      | Reached skill level 1 in Shields
   742 | D:2      | Reached skill level 1 in Unarmed Combat
   742 | D:2      | Reached skill level 1 in Evocations
   742 | D:2      | Reached XP level 4. HP: 22/32 MP: 1/11
  1100 | D:2      | Reached skill level 1 in Hexes
  1100 | D:2      | Reached skill level 1 in Charms
  1100 | D:2      | Reached skill level 1 in Summonings
  1100 | D:2      | Reached skill level 1 in Necromancy
  1100 | D:2      | Reached skill level 1 in Translocations
  1100 | D:2      | Reached skill level 1 in Transmutations
  1100 | D:2      | Reached skill level 1 in Fire Magic
  1100 | D:2      | Reached skill level 1 in Ice Magic
  1100 | D:2      | Reached skill level 1 in Air Magic
  1100 | D:2      | Reached skill level 1 in Earth Magic
  1100 | D:2      | Reached skill level 1 in Poison Magic
  1200 | D:2      | Noticed Terence
  1210 | D:2      | Killed Terence
  1210 | D:2      | Reached XP level 5. HP: 37/37 MP: 3/12
  1460 | D:3      | Found an iron altar of Okawaru.
  2135 | D:4      | Reached XP level 6. HP: 44/44 MP: 3/13
  2412 | D:4      | Noticed Ijyb
  2423 | D:4      | Killed Ijyb
  2760 | D:4      | Reached skill level 5 in Dodging
  2861 | D:4      | Reached XP level 7. HP: 36/50 MP: 6/15
  3067 | D:4      | Found an ornate altar of the Wu Jian Council.
  3117 | D:4      | Found a basalt altar of Yredelemnul.
  3374 | D:5      | Entered Level 5 of the Dungeon
  3417 | D:5      | Noticed Pikel
  3518 | D:4      | Learned a level 3 spell: Dazzling Spray
  3523 | D:4      | Learned a level 4 spell: Iskenderun's Mystic Blast
  3548 | D:4      | HP: 2/50 [Pikel/whip of flaming (3)]
  3548 | D:4      | Slain by Pikel

Skill      XL: |  1  2  3  4  5  6 |
---------------+-------------------+-----
Spellcasting   | 5 |  5.5
Invocations    | 1 2 |  2.5
Fighting       | 1 2 |  2.2
Short Blades   | 1 2 |  2.2
Long Blades    | 1 2 |  2.2
Axes           | 1 2 |  2.2
Maces & Flails | 1 2 |  2.2
Polearms       | 1 2 |  2.2
Staves         | 1 2 |  2.2
Slings         | 1 2 |  2.2
Bows           | 1 2 |  2.2
Crossbows      | 1 2 |  2.2
Throwing       | 1 2 |  2.2
Armour         | 1 2 |  2.2
Shields        | 1 2 |  2.2
Unarmed Combat | 1 2 |  2.2
Evocations     | 1 2 |  2.2
Hexes          | 1 |  1.8
Charms         | 1 |  1.8
Summonings     | 1 |  1.8
Necromancy     | 1 |  1.8
Translocations | 1 |  1.8
Transmutations | 1 |  1.8
Fire Magic     | 1 |  1.8
Ice Magic      | 1 |  1.8
Air Magic      | 1 |  1.8
Earth Magic    | 1 |  1.8
Poison Magic   | 1 |  1.8
Dodging        | 5 |  5.1
Stealth        | |  4.8
Conjurations   | |  7.3

Action                   |  1- 3 |  4- 6 |  7- 9 || total
-------------------------+-------+-------+-------++-------
Melee: Mace              |    40 |    18 |       ||    58
       Dagger            |     4 |       |     8 ||    12
       Bite              |     1 |     2 |     1 ||     4
       Flail             |       |    19 |    12 ||    31
Throw: Tomahawk          |     4 |       |       ||     4
 Cast: Magic Dart        |    38 |   146 |    36 ||   220
       Dazzling Spray    |       |       |     4 ||     4
  Use: Scroll            |       |       |     5 ||     5
 Stab: Sleeping          |     3 |       |       ||     3
       Invisible         |       |       |     1 ||     1
  Eat: Chunk             |       |     4 |       ||     4
       Ration            |       |     1 |     1 ||     2
Armor: Ring mail         |    16 |    13 |       ||    29
       Leather armour    |       |       |     3 ||     3
Dodge: Dodged            |    20 |    29 |    17 ||    66
Block: Buckler           |     9 |     4 |     6 ||    19
